 Dungeon Crawl Stone Soup version 0.29.1-1-gd02db6906a (webtiles) character file.

Game seed: 18799285432109010

81 safid the Shooter (level 4, -3/38 HPs)
             Began as a Minotaur Hunter on Sept 30, 2022.
             Slain by Terence
             ... wielding a +0 hand axe
              (5 damage)
             ... on level 3 of the Dungeon.
             The game lasted 00:02:10 (2104 turns).

safid the Shooter (Minotaur Hunter)                 Turns: 2104, Time: 00:02:11

Health: -3/38      AC:  3    Str: 16    XL:     4   Next: 20%
Magic:  3/3        EV: 12    Int:  6    God:
Gold:   112        SH:  0    Dex: 15    Spells: 3/3 levels left

rFire   . . .      SeeInvis +   a - +0 shortbow
rCold   . . .      Faith    .   (shield currently unavailable)
rNeg    + . .      Spirit   .   c - +0 leather armour
rPois   .          Reflect  .   (helmet restricted)
rElec   .          Harm     .   (no cloak)
rCorr   .          Rampage  .   (no gloves)
Will    .....                   (no boots)
Stlth   +.........              (no amulet)
HPRegen 0.12/turn               f - ring of see invisible
MPRegen 0.08/turn               g - ring of positive energy

@: no status effects
A: horns 2, retaliatory headbutt
a: no special abilities


You were on level 3 of the Dungeon.
You visited 1 branch of the dungeon, and saw 3 of its levels.

You collected 112 gold pieces.

Inventory:

Hand Weapons
 a - a +0 shortbow (weapon)
Armour
 c - a +0 leather armour (worn)
Jewellery
 f - a ring of see invisible (left hand)
 g - a ring of positive energy (right hand)
Scrolls
 b - a scroll of immolation
 e - 2 scrolls of enchant weapon {unknown}
 i - a scroll of poison {unknown}
 j - a scroll of teleportation {unknown}
 l - a scroll of vulnerability {unknown}
Potions
 d - a potion of flight {unknown}
 h - a potion of degeneration {unknown}
 k - 2 potions of curing {unknown}


   Skills:
 - Level 3.0 Fighting
 + Level 6.1 Ranged Weapons
 - Level 2.1 Dodging
 - Level 0.7 Stealth


You had 3 spell levels left.
You didn't know any spells.
Your spell library was empty.

Dungeon Overview and Level Annotations

Branches:
Dungeon (3/15)

Altars:

Annotations:
D:3 Terence


Innate Abilities, Weirdness & Mutations

You have a pair of horns on your head.
You reflexively headbutt those who attack you in melee.


Message History

You shoot an arrow. The arrow closely misses Terence.
Terence hits you with a +0 hand axe.
You shoot an arrow.
The arrow hits Terence but does no damage.
Terence is heavily wounded.
Terence hits you with a +0 hand axe. Terence barely misses you.
You shoot an arrow. The arrow closely misses Terence.
Terence misses you. You furiously retaliate!
You headbutt Terence. You shoot an arrow.
The arrow hits Terence but does no damage.
Terence is severely wounded.
Terence hits you with a +0 hand axe!
You are too injured to fight recklessly!
You are too injured to fight recklessly!
You are too injured to fight recklessly!
You are too injured to fight recklessly!
You are too injured to fight recklessly!
You are too injured to fight recklessly!
Fire: a) +0 shortbow
Press: ? - help, Q - select action Shift-Dir - straight line, f/p - Terence
Aim: Terence, wielding a +0 hand axe and wearing a +4 scale mail of poison resistance (severely wounded, 66% to hit)
You shoot an arrow. The arrow closely misses Terence.
Terence hits you with a +0 hand axe!
* * * LOW HITPOINT WARNING * * *
Fire: a) +0 shortbow
Press: ? - help, Q - select action Shift-Dir - straight line, f/p - Terence
Aim: Terence, wielding a +0 hand axe and wearing a +4 scale mail of poison resistance (severely wounded, 66% to hit)
You shoot an arrow. The arrow barely misses Terence.
Terence hits you with a +0 hand axe.
* * * LOW HITPOINT WARNING * * *
Fire: a) +0 shortbow
Press: ? - help, Q - select action Shift-Dir - straight line, f/p - Terence
Aim: Terence, wielding a +0 hand axe and wearing a +4 scale mail of poison resistance (severely wounded, 66% to hit)
You shoot an arrow.
The arrow hits Terence but does no damage.
Terence is severely wounded.
Terence hits you with a +0 hand axe!
* * * LOW HITPOINT WARNING * * *
Terence hits you with a +0 hand axe.
You die...

#.#####.........
......(
#....##..|..)...
.......
####............
.......
................
.......
######..........
..... #.........#
... #..........
#@#### ##.........#
#>@..###.......).##
####...#..........
#..............
#.##.#.........
...##...........
.#######......... #
#........ #.......#
.[.....


You could see Terence.

Vanquished Creatures
  An orc wizard (D:3)
  An adder (D:2)
  3 orcs
  4 ball pythons
  4 endoplasms
  2 giant cockroaches
  6 hobgoblins
  6 jackals (D:2)
  2 quokkas (D:1)
  3 bats
  A frilled lizard (D:2)
  3 kobolds
  6 rats
42 creatures vanquished.

Notes
Turn   | Place    | Note
-------+----------+-------------------------------------------
     0 | D:1      | safid the Minotaur Hunter began the quest for the Orb.
     0 | D:1      | Reached XP level 1. HP: 18/18 MP: 0/0
   269 | D:1      | Reached XP level 2. HP: 25/25 MP: 1/1
   454 | D:1      | Reached skill level 5 in Ranged Weapons
  1063 | D:2      | Reached XP level 3. HP: 21/31 MP: 2/2
  1231 | D:2      | Found a faded altar of an unknown god.
  2050 | D:3      | Reached skill level 6 in Ranged Weapons
  2050 | D:3      | Reached XP level 4. HP: 35/38 MP: 3/3
  2089 | D:3      | Noticed Terence
  2104 | D:3      | Slain by Terence

Illustrated notes

Levels and vault maps discovered:
D:1:      dpeg_arrival_fog, layout_basic
D:2:      layout_loops_ring, hellmonk_ecumenical_altar_lost_god,
          reono_crystal_passage
D:3:      layout_rooms, serial_glass, glass_columns_a, glass_columns_a,
          uniq_terence, uniq_robin

Skill      XL: |  1  2  3 |
---------------+----------+-----
Fighting       | 3 |  3.0
Ranged Weapons | 5 6 |  6.1
Dodging        | |  2.1
Stealth        | |  0.7

Action                   |  1- 3 |  4- 6 || total
-------------------------+-------+-------++-------
 Fire: Shortbow          |   109 |    15 ||   124
Armor: Leather armour    |    15 |     1 ||    16
Dodge: Dodged            |    51 |     6 ||    57
